 Dungeon Crawl Stone Soup version 0.23.2-1-ga50397a6bc (webtiles) character file.

Game seed: 15731081372094177691

282 Gordogan the Sneak (level 6, -2/36 (38) HPs)
             Began as an Octopode Wizard on May 1, 2019.
             Was an Initiate of Fedhas.
             Slain by a necrophage (4 damage)
             ... on level 5 of the Dungeon.
             The game lasted 00:57:11 (4092 turns).

Gordogan the Sneak (Octopode Wizard)                Turns: 4092, Time: 00:57:11

HP:   -2/36 (38)    AC:  1    Str:  8    XL:     6   Next: 28%
MP:   0/12          EV: 13    Int: 23    God:    Fedhas [......]
Gold: 260           SH:  0    Dex:  6    Spells: 2/13 levels left

rFire    x . .     SeeInvis .   r - +5 dagger of a volcano {elec, rElec Str+2 Dex-4}
rCold    + . .     Gourm    .   (no shield)
rNeg     . . .     Faith    .   g - +0 hat
rPois    .         Spirit   .   (no amulet)
rElec    +         Reflect  .   e - ring of ice
rCorr    .         Harm     .   (no ring)
MR       .....                  (no ring)
Stlth    +++.......             (no ring)
HPRegen  0.00/turn              (no ring)
MPRegen  0.13/turn              (no ring)
                                (no ring)
                                (no ring)

@: non-regenerating, diseased
A: almost no armour, stealthy swim, amphibious, 8 rings, constrict 8, camouflage
1, gelatinous body 1
a: Fungal Bloom, Renounce Religion


You were on level 5 of the Dungeon.
You worshipped Fedhas.
Fedhas was noncommittal.
You were not hungry.

You visited 2 branches of the dungeon, and saw 6 of its levels.

You collected 260 gold pieces.

Inventory:

Hand Weapons
 a - a +4 dagger of speed
 b - a +0 spear of pain
 i - a +1 mace of holy wrath
 r - the +5 dagger of a volcano (weapon) {elec, rElec Str+2 Dex-4}
   (You found it on level 4 of the Dungeon)

   Occasionally, upon striking a foe, it will discharge some electrical energy
   and cause terrible harm.
   It affects your strength (+2).
   It affects your dexterity (-4).
   It insulates you from electricity.
Missiles
 l - 59 stones (quivered)
Armour
 g - a +0 hat (worn)
Jewellery
 e - a ring of ice (left tentacle)
Wands
 m - a wand of paralysis (5)
 q - a wand of polymorph (9)
Scrolls
 f - 2 scrolls of fog
 j - 2 scrolls of identify
 n - 2 scrolls of remove curse
Potions
 d - a potion of mutation
 h - a potion of lignification
 k - 2 potions of curing
 o - a potion of agility {unknown}
 p - a potion of resistance {unknown}
 s - a potion of heal wounds {unknown}
 t - a potion of flight {unknown}
 u - a potion of haste {unknown}
Comestibles
 c - 11 rations
 v - 2 chunks of flesh


   Skills:
 + Level 1.2 Fighting
 + Level 1.7 Short Blades
 + Level 2.9 Dodging
 + Level 4.7 Stealth
 + Level 4.4 Spellcasting
 + Level 2.3 Conjurations
 + Level 1.0 Summonings
 + Level 1.0 Translocations


You had 2 spell levels left.
You knew the following spells:

 Your Spells              Type           Power        Failure   Level  Hunger
a - Magic Dart            Conj           ###.         3%          1    None
b - Call Imp              Summ           #.......     10%         2    None
c - Blink                 Tloc           N/A          10%         2    None
d - Mephitic Cloud        Conj/Pois/Air  #.......     22%         3    ##.....
e - Conjure Flame         Conj/Fire      ##......     19%         3    ##.....

Your spell library contained the following spells:

 Spells                   Type           Power        Failure   Level  Hunger
 Slow                     Hex            #.......     16%         2    None


Dungeon Overview and Level Annotations

Branches:
Dungeon (5/15)             Temple (1/1) D:5

Altars:
Ashenzari
Dithmenos
Elyvilon
Fedhas
Gozag
Hepliaklqana
Makhleb
Okawaru
Qazlal
Ru
Sif Muna
Trog
Uskayaw
Xom
Yredelemnul
Zin
The Shining One

Shops:
D:4 %


Innate Abilities, Weirdness & Mutations

You cannot wear most types of armour.
You are very stealthy in the water. (Stealth+)
You are amphibious.
You can wear up to eight rings at the same time.
You can use your tentacles to constrict eight enemies at once.
Your skin changes colour to match your surroundings (Stealth+).
Your rubbery body absorbs attacks. (AC +1, EV +1)


Message History

You feel your flesh rotting away!
Casting: Blink (safe; 10% risk of failure)
Confirm with . or Enter, or press ? or * to list all spells.
You blink.
Casting: Blink (safe; 10% risk of failure)
Confirm with . or Enter, or press ? or * to list all spells.
Aiming: Magic Dart (safe; 3% risk of failure)
Press: ? - help, Shift-Dir - straight line, f - necrophage
Aim: a necrophage (translocational energy, moderately damaged)
The magic dart hits the necrophage.
The necrophage is heavily damaged.
Throwing (i - inventory)
l - 60 stones (quivered)
Press: ? - help, Shift-Dir - straight line, f/p - necrophage
Aim: a necrophage (heavily damaged)
You throw a stone. The stone barely misses the necrophage.
You closely miss the necrophage. Your grab misses the necrophage.
The necrophage is heavily damaged.
The necrophage hits you.
You die...
Fedhas appreciates your contribution to the ecosystem.

##..8⌠..##.
.........#.#
##^.##...#..#
#
#.......#.#.#.
##.##.#.#.##.#
#.##.#.#.##.#
#..>...#.##.#
#.........#.#
#........(n@#
##.....##.###
.........##.#
######.### .#
#.# .# #.# .#
#. .# #. .#


You could see a necrophage.

Vanquished Creatures
  A scorpion (D:5)
  A centaur zombie (D:2)
  A hound (D:5)
  Robin (D:2)
  4 adders
  A howler monkey skeleton (D:4)
  2 oozes (D:1)
  3 worms
  4 dart slugs
  4 leopard geckos
  2 orcs
  9 bats
  4 giant cockroaches
  13 goblins
  4 hobgoblins
  4 jackals (D:4)
  3 quokkas
  3 ball pythons
  3 frilled lizards
  4 kobolds
  8 rats
79 creatures vanquished.

Vanquished Creatures (collateral kills)
  2 hobgoblins (D:2)
2 creatures vanquished.

Vanquished Creatures (others)
  5 toadstools
5 creatures vanquished.

Grand Total: 86 creatures vanquished

Notes
Turn   | Place    | Note
-------+----------+-------------------------------------------
     0 | D:1      | Gordogan the Octopode Wizard began the quest for the Orb.
     0 | D:1      | Reached XP level 1. HP: 11/11 MP: 4/4
   269 | D:1      | Reached XP level 2. HP: 17/17 MP: 4/6
   334 | D:1      | Found an opulent altar of Gozag.
   687 | D:1      | Reached XP level 3. HP: 18/21 MP: 0/8
   841 | D:1      | Learned a level 2 spell: Call Imp
  1009 | D:2      | Noticed Robin
  1030 | D:2      | Found a blossoming altar of Fedhas.
  1044 | D:2      | Killed Robin
  1060 | D:2      | Became a worshipper of Fedhas Madash
  1095 | D:2      | Reached XP level 4. HP: 27/27 MP: 0/9
  1099 | D:2      | Learned a level 2 spell: Blink
  1103 | D:2      | Learned a level 3 spell: Mephitic Cloud
  1419 | D:2      | Reached XP level 5. HP: 15/32 MP: 5/11
  1713 | D:2      | Learned a level 3 spell: Conjure Flame
  2031 | D:3      | Found a shadowy altar of Dithmenos.
  2306 | D:3      | Reached skill level 1 in Short Blades
  2624 | D:4      | Got an encrusted dagger
  2625 | D:4      | Identified the +5 dagger of a volcano {elec, rElec Str+2
                  | Dex-4} (You found it on level 4 of the Dungeon)
  3696 | D:4      | Found Loman's Food Emporium.
  3859 | D:5      | Entered Level 5 of the Dungeon
  3903 | D:5      | Reached skill level 1 in Fighting
  3903 | D:5      | Reached XP level 6. HP: 27/38 MP: 12/12
  3916 | D:5      | Found a staircase to the Ecumenical Temple.
  3934 | Temple   | Entered the Ecumenical Temple
  4072 | D:5      | Noticed a necrophage
  4092 | D:5      | Slain by a necrophage

Skill      XL: |  1  2  3  4  5 |
---------------+----------------+-----
Stealth        | 3 4 |  4.7
Spellcasting   | 4 |  4.4
Conjurations   | 2 |  2.3
Short Blades   | 1 |  1.7
Fighting       | 1 |  1.2
Dodging        | |  2.9
Summonings     | |  1.0
Translocations | |  1.0

Action                   |  1- 3 |  4- 6 || total
-------------------------+-------+-------++-------
Melee: Dagger            |    30 |   110 ||   140
       Unarmed           |     2 |       ||     2
       Constrict         |     5 |    21 ||    26
       Tentacles         |     2 |    10 ||    12
Throw: Stone             |       |     1 ||     1
 Cast: Magic Dart        |    55 |    52 ||   107
       Call Imp          |     2 |       ||     2
       Blink             |       |     6 ||     6
Invok: Fungal Bloom      |       |     5 ||     5
  Use: Scroll            |     5 |     7 ||    12
 Stab: Sleeping          |     1 |     7 ||     8
  Eat: Chunk             |       |     6 ||     6
       Ration            |       |     1 ||     1
Armor: Skin              |       |     6 ||     6
Dodge: Dodged            |    10 |    59 ||    69
